 Dungeon Crawl Stone Soup version 0.25-a0-513-ge77a69270c (webtiles) character file.

Game seed: 17588234097239370195, levelgen mode: deterministic

230 Error4North the Skirmisher (level 6, -10/53 HPs)
             Began as a Hill Orc Fighter on Feb 17, 2020.
             Mangled by an ogre
             ... wielding a +0 giant club
              (20 damage)
             ... on level 4 of the Dungeon.
             The game lasted 00:09:33 (2877 turns).

Error4North the Skirmisher (Hill Orc Fighter)       Turns: 2877, Time: 00:09:33

Health: -10/53     AC:  8    Str: 20    XL:     6   Next: 3%
Magic:  6/6        EV:  8    Int:  8    God:
Gold:   159        SH:  9    Dex: 11    Spells: 5/5 levels left

rFire    + + +     SeeInvis .   a - +0 war axe
rCold    + + .     Gourm    .   c - +0 kite shield
rNeg     . . .     Faith    .   b - +0 scale mail
rPois    +         Spirit   .   d - +0 helmet
rElec    +         Reflect  .   i - scarf {rC+ rF+}
rCorr    +         Harm     .   (no gloves)
MR       .....                  (no boots)
Stlth    ..........             h - amulet of the acrobat
HPRegen  0.17/turn              s - ring of flight
MPRegen  0.10/turn              t - ring of protection from fire

@: resistant
A: no striking features
a: Evoke Flight


You were on level 4 of the Dungeon.
You were not hungry.

You visited 1 branch of the dungeon, and saw 4 of its levels.

You collected 159 gold pieces.

Inventory:

Hand Weapons
 a - a +0 war axe (weapon)
Missiles
 u - 5 boomerangs (quivered)
Armour
 b - a +0 scale mail (worn)
 c - a +0 kite shield (worn)
 d - a +0 helmet (worn)
 i - a scarf of resistance (worn)
Jewellery
 h - an amulet of the acrobat (around neck)
 s - a ring of flight (left hand)
 t - a ring of protection from fire (right hand)
Scrolls
 e - 8 scrolls of remove curse {unknown}
 j - a scroll of blinking {unknown}
 k - 2 scrolls of amnesia {unknown}
 m - a scroll of teleportation {unknown}
 n - a scroll of magic mapping {unknown}
 o - 6 scrolls of identify {unknown}
Potions
 g - 2 potions of mutation {unknown}
 l - a potion of ambrosia {unknown}
 q - 3 potions of curing {unknown}
 r - 2 potions of flight {unknown}
 w - 2 potions of degeneration {unknown}
Comestibles
 f - 10 rations
 v - 7 chunks of flesh


   Skills:
 * Level 4.6 Fighting
 + Level 4.4 Axes
 * Level 4.2 Armour
 * Level 1.5 Dodging
 * Level 4.5 Shields


You had 5 spell levels left.
You didn't know any spells.
Your spell library was empty.

Dungeon Overview and Level Annotations

Branches:
Dungeon (4/15)
 Temple: D:4-7

Altars:
Nemelex Xobeh
The Shining One


Message History

Eating one of 8 chunks of flesh.
You eat one of the 8 chunks of flesh.
This raw flesh tastes terrible.
HP restored.
q - 3 metallic silvery potions (gained 1)
An ogre comes into view. It is wielding a +0 giant club.
The ogre shouts!
The ogre misses you.
You barely miss the ogre. The ogre barely misses you.
You slash the ogre!
The ogre is moderately wounded.
The ogre hits you with a +0 giant club!!
Ouch! That really hurt!
You slash the ogre!
The ogre is severely wounded.
The ogre hits you with a +0 giant club!!
* * * LOW HITPOINT WARNING * * *
It was a potion of resistance.
You feel protected.
The ogre hits you with a +0 giant club!!
You die...

#...# #.##.#.# ##.##
#...###.##.#.##.....#
###...............#
##.##
#.......##..##.####
#...# #.#...#.##..##.#
#...# #.#.........##..
#...# #.##..#..##.#####
####...####.....O..##.#
...........###..@.....#
........................
...........#.##.##.####.
####...#####.##.# .#
#...# #.##.. .# #...#
#.##### #...# #.# ##.##
#.. #####.# ###


You could see an ogre.

Vanquished Creatures
  Terence (D:3)
  Robin (D:4)
  8 gnolls
  A howler monkey skeleton (D:4)
  An adder (D:3)
  An adder skeleton (D:4)
  3 worms
  2 dart slugs
  2 leopard geckos
  4 orcs
  9 bats
  2 giant cockroaches
  14 goblins
  12 hobgoblins
  3 jackals (D:4)
  2 quokkas
  2 ball pythons
  3 frilled lizards
  6 kobolds
  2 rats
79 creatures vanquished.

Notes
Turn   | Place    | Note
-------+----------+-------------------------------------------
     0 | D:1      | Error4North the Hill Orc Fighter began the quest for the
                  | Orb.
     0 | D:1      | Reached XP level 1. HP: 19/19 MP: 1/1
   282 | D:1      | Reached XP level 2. HP: 17/27 MP: 2/2
   539 | D:1      | Reached XP level 3. HP: 33/33 MP: 3/3
  1540 | D:3      | Found a sparkling altar of Nemelex Xobeh.
  1760 | D:3      | Reached XP level 4. HP: 29/40 MP: 4/4
  1766 | D:3      | Reached skill level 1 in Dodging
  2080 | D:3      | Noticed Terence
  2107 | D:3      | Killed Terence
  2107 | D:3      | Reached XP level 5. HP: 42/47 MP: 5/5
  2491 | D:4      | Noticed Robin
  2504 | D:4      | Killed Robin
  2722 | D:4      | Reached XP level 6. HP: 53/53 MP: 6/6
  2751 | D:4      | Found a glowing golden altar of the Shining One.
  2877 | D:4      | Mangled by an ogre

Levels and vault maps discovered:
D:1:      minmay_arrival_wavy_path, layout_basic
D:2:      layout_basic
D:3:      layout_loops_ring, lemuel_tele_altar, uniq_terence
D:4:      layout_loops_cross, lemuel_coloured_pillars_altar, minitemple,
          first_ration, uniq_robin, uniq_ijyb

Skill      XL: |  1  2  3  4  5 |
---------------+----------------+-----
Fighting       | 4 |  4.6
Axes           | 3 4 |  4.4
Shields        | 4 |  4.5
Dodging        | 1 |  1.5
Armour         | 4 |  4.2

Action                   |  1- 3 |  4- 6 || total
-------------------------+-------+-------++-------
Melee: War axe           |   107 |   114 ||   221
  Use: Potion            |       |     2 ||     2
  Eat: Chunk             |     2 |     5 ||     7
Armor: Scale mail        |    47 |    49 ||    96
Dodge: Dodged            |    87 |    78 ||   165
Block: Kite shield       |   100 |    71 ||   171

Table legend:
 A = Non-vault XP
 B = Vault XP
 C = Vault XP percentage of total XP
 D = Non-vault monster count
 E = Vault monster count
 F = Vault count percentage of total count
                 A         B        C        D         E       F
            +---------+---------+-------+---------+---------+-------
      Total |     263 |      66 |  20.1 |      67 |      12 |  15.2
            +---------+---------+-------+---------+---------+-------
        D:1 |      39 |       0 |   0.0 |      14 |       0 |   0.0
        D:2 |      38 |       0 |   0.0 |      20 |       0 |   0.0
        D:3 |     155 |      32 |  17.1 |      26 |       1 |   3.7
        D:4 |      31 |      34 |  52.3 |       7 |      11 |  61.1
            +---------+---------+-------+---------+---------+-------
